 Dungeon Crawl Stone Soup version 0.30-a0-1085-g990a428a5c (webtiles) character file.

Game seed: 14636203175815372076

127 zazu2006 the Magician (level 5, -10/42 HPs)
             Began as a Naga Hedge Wizard on Apr 16, 2023.
             Mangled by a mummy (13 damage)
             ... on level 4 of the Dungeon.
             The game lasted 00:04:55 (2735 turns).

zazu2006 the Magician (Naga Hedge Wizard)           Turns: 2735, Time: 00:04:55

Health: -10/42     AC:  3    Str: 12    XL:     5   Next: 11%
Magic:  3/20       EV:  9    Int: 16    God:
Gold:   187        SH:  0    Dex: 11    Spells: 4/12 levels left

rFire   . . .      SeeInvis +    w - +0 long sword
rCold   . . .      Faith    .    (no shield)
rNeg    . . .      Spirit   .    v - +0 leather armour
rPois   +          Reflect  .    c - +0 hat
rElec   .          Rampage  .    (no cloak)
rCorr   .                        (no gloves)
Will    .....                    (no barding)
Stlth   ++                       t - amulet "Ymosas" {Acrobat rPois}
HPRegen 0.27/turn                f - ring of magical power
MPRegen 0.17/turn                (no ring)

@: very slightly contaminated, very slow
A: AC +1, large, see invisible, deformed body, poison resistance, slowness 2,
spit poison 1, naga tail 1
a: Spit Poison


You were on level 4 of the Dungeon.
You visited 1 branch of the dungeon, and saw 4 of its levels.

You collected 187 gold pieces.

Inventory:

Hand Weapons
 w - a +0 long sword (weapon)
Armour
 c - a +0 hat (worn)
 v - a +0 leather armour (worn)
Jewellery
 f - a ring of magical power (left hand)
 t - the amulet "Ymosas" (around neck) {Acrobat rPois}
   (You found it on level 2 of the Dungeon)

   [amulet of the acrobat]

   It increases your evasion while moving and waiting.
   rPois:     It protects you from poison.
Scrolls
 a - a scroll of brand weapon {unknown}
 g - a scroll of fog {unknown}
 h - a scroll of silence {unknown}
 i - 5 scrolls of poison {unknown}
 l - 2 scrolls of fear {unknown}
 m - 4 scrolls of identify {unknown}
 n - 2 scrolls of immolation
 p - a scroll of enchant weapon {unknown}
 s - 2 scrolls of noise {unknown}
 u - a scroll of blinking {unknown}
Potions
 b - a potion of cancellation {unknown}
 d - 2 potions of magic
 e - a potion of might {unknown}
 j - 2 potions of mutation {unknown}
 k - 4 potions of heal wounds {unknown}
 o - a potion of haste {unknown}
 q - a potion of degeneration {unknown}
 r - a potion of experience {unknown}


   Skills:
 + Level 0.1 Armour
 + Level 1.9 Dodging
 + Level 3.8 Stealth
 + Level 4.2 Spellcasting
 + Level 2.5 Conjurations
 + Level 1.0 Summonings
 + Level 1.0 Translocations
 + Level 0.1 Poison Magic


You had 4 spell levels left.
You knew the following spells:

 Your Spells              Type           Power      Damage    Failure   Level
a - Magic Dart            Conj           44%        1d5       8%          1
b - Mephitic Cloud        Conj/Pois/Air  6%         N/A       38%         3
c - Ensorcelled Hibernat  Hex/Ice        6%         N/A       32%         2
d - Blink                 Tloc           12%        N/A       22%         2

Your spell library contained the following spells:

 Spells                   Type           Power      Damage    Failure   Level
 Slow                     Hex            12%        N/A       22%         1
 Call Imp                 Summ           12%        N/A       22%         2
 Cigotuvi's Dreadful Rot  Necr/Pois/Air  6%         N/A       30%         2
 Spider Form              Tmut/Pois      3%         N/A       52%         3
 Olgreb's Toxic Radiance  Pois           3%         N/A       89%         4
 Anguish                  Hex/Necr       1%         N/A       91%         4
 Discord                  Hex            1%         N/A       100%        8
 Ignition                 Fire           1%         3d3       100%        8


Dungeon Overview and Level Annotations

Branches:
Dungeon (4/15)
 Temple: D:4-7

Altars:
Kikubaaqudgha

Annotations:
D:3 1 runed translucent door, kougar's ghost, amateur MiFi


Innate Abilities, Weirdness & Mutations

Your serpentine skin is tough. (AC +1)
You have supernaturally acute eyesight. (SInv)
Armour fits poorly on your strangely shaped body.
Your system is resistant to poisons. (rPois)
You cover ground very slowly.
You can spit poison.
You have a snake-like lower body.


Message History

Press: ? - help, Shift-Dir - straight line, f/p - mummy
Aim: a mummy (almost destroyed, 100% to hit)
The magic dart hits the kobold zombie.
The kobold zombie is severely damaged.
You feel stable enough to blink again.
Unknown command.
Casting: Magic Dart (safe; 8% risk of failure)
Confirm with . or Enter, or press ? or * to list all spells.
Aiming: Magic Dart (safe; 8% risk of failure)
Press: ? - help, Shift-Dir - straight line, f/p - mummy
Aim: a mummy (almost destroyed, 100% to hit)
The magic dart hits the kobold zombie.
You destroy the kobold zombie!
Unknown command.
Casting: Magic Dart (safe; 8% risk of failure)
Confirm with . or Enter, or press ? or * to list all spells.
Aiming: Magic Dart (safe; 8% risk of failure)
Press: ? - help, Shift-Dir - straight line, f/p - mummy
Aim: a mummy (almost destroyed, 100% to hit)
You miscast Magic Dart.
You are very lightly contaminated with residual magic.
Nothing appears to happen.
Unknown command.
Casting: Magic Dart (safe; 8% risk of failure)
Confirm with . or Enter, or press ? or * to list all spells.
Aiming: Magic Dart (safe; 8% risk of failure)
Press: ? - help, Shift-Dir - straight line, f/p - mummy
Aim: a mummy (almost destroyed, 100% to hit)
The magic dart hits the mummy.
The mummy is almost destroyed.
Unknown command.
Casting: Magic Dart (safe; 8% risk of failure)
Confirm with . or Enter, or press ? or * to list all spells.
Aiming: Magic Dart (safe; 8% risk of failure)
Press: ? - help, Shift-Dir - straight line, f/p - mummy
Aim: a mummy (almost destroyed, 100% to hit)
The magic dart hits the mummy but does no damage.
The mummy is almost destroyed.
The mummy hits you!
You die...

.#......##..####.....
.............#.......
#.
..#.....###.#......#...
#....##..))).....#...
##<.###..............
##.# #.............#
#.........$.....#
...##...#..M..(.#
....##..#..@...#
.....##......#.....#
.....##......#.....#
......##....... ....
......... ...
.......... #.
##........ #........#


You could see a mummy.

Vanquished Creatures
  5 adders
  A worm (D:2)
  5 dart slugs
  4 orcs
  3 ball pythons
  6 endoplasms
  2 giant cockroaches (D:2)
  A hobgoblin (D:2)
  7 jackals (D:3)
  9 kobolds
  5 quokkas
  4 bats
  2 frilled lizards (D:1)
  3 goblins
  2 hobgoblin zombies (D:4)
  A kobold zombie (D:4)
  An orc zombie (D:4)
  4 rats
65 creatures vanquished.

Notes
Turn   | Place    | Note
-------+----------+-------------------------------------------
     0 | D:1      | zazu2006 the Naga Hedge Wizard began the quest for the Orb.
     0 | D:1      | Reached XP level 1. HP: 15/15 MP: 4/4
   406 | D:1      | Reached XP level 2. HP: 22/22 MP: 6/6
   707 | D:1      | Found a faded altar of an unknown god.
   881 | D:1      | Reached XP level 3. HP: 12/28 MP: 8/8
   885 | D:1      | Learned a level 3 spell: Mephitic Cloud
   888 | D:1      | Learned a level 2 spell: Ensorcelled Hibernation
   891 | D:1      | Learned a level 2 spell: Blink
  1340 | D:2      | Identified the amulet "Ymosas" {Acrobat rPois}
  1408 | D:2      | Found an ancient bone altar of Kikubaaqudgha.
  1653 | D:2      | Reached XP level 4. HP: 36/36 MP: 9/9
  1809 | D:3      | Reached skill level 4 in Spellcasting
  2439 | D:3      | Reached XP level 5. HP: 42/42 MP: 11/11
  2537 | D:3      | Found a runed translucent door.
  2539 | D:3      | Noticed kougar's ghost (amateur MiFi)
  2539 | D:3      | Noticed a centaur
  2725 | D:4      | HP: 1/42 [mummy (5)]
  2735 | D:4      | Mangled by a mummy

Illustrated notes

Levels and vault maps discovered:
D:1:      dpeg_arrival_water_fire, layout_rooms, basic_ecumenical_altar,
          minmay_misc_feat_five, minmay_tiny_reverse_x
D:2:      layout_basic, basic_altar, minmay_pentomino_u2
D:3:      layout_rooms, ebering_ghost_inner_flame, minmay_misc_feat_encased,
          minivault_14
D:4:      layout_cave_pools, mainiacjoe_overflow_alcove_3,
          hangedman_decor_growths, minmay_mini_ossuary

Skill      XL: |  1  2  3  4 |
---------------+-------------+-----
Spellcasting   | 4 |  4.2
Conjurations   | 2 |  2.5
Armour         | |  0.1
Dodging        | |  1.9
Stealth        | |  3.8
Summonings     | |  1.0
Translocations | |  1.0
Poison Magic   | |  0.1

Action                     |  1- 3 |  4- 6 || total
---------------------------+-------+-------++-------
  Melee: Dagger            |     6 |       ||     6
         Long sword        |       |    18 ||    18
   Cast: Magic Dart        |    99 |    85 ||   184
         Mephitic Cloud    |     1 |     1 ||     2
         Blink             |       |     1 ||     1
Ability: Spit Poison       |    12 |     6 ||    18
   Stab: Confused          |     1 |       ||     1
 Armour: Robe              |     5 |       ||     5
         Leather armour    |       |     4 ||     4
  Dodge: Dodged            |    16 |     9 ||    25

Table legend: (Time is in decaauts)
 A = Elapsed time spent in this place.
 B = Non-inter-level travel time spent in this place.
 C = Inter-level travel time spent in this place.
 D = Time resting spent in this place.
 E = Time spent auto-exploring this place.
 F = Levels seen in this place.
 G = Mean time per level.
                   A        B        C        D        E       F      G
               +--------+--------+--------+--------+--------+-----+--------+
         Total |   3235 |   3129 |    106 |      0 |   2668 |   4 |  808.8 |
       Dungeon |   3235 |   3129 |    106 |      0 |   2668 |   4 |  808.8 |
               +--------+--------+--------+--------+--------+-----+--------+

Top non-repeatable levels by time:
     D:1: 1239 daAuts
     D:3: 1052 daAuts
     D:2: 873 daAuts
     D:4: 70 daAuts
